 Dungeon Crawl Stone Soup version 0.25-a0-670-g50981ef59b (webtiles) character file.

Game seed: 5185641952638763384, levelgen mode: deterministic

569 Error4North the Magician (level 7, -1/56 HPs)
             Began as a Pale Draconian Wizard on Mar 29, 2020.
             Killed from afar by an electric eel (5 damage)
             ... with a bolt of electricity
             ... on level 5 of the Dungeon.
             The game lasted 00:49:13 (7802 turns).

Error4North the Magician (Pale Draconian Wizard)    Turns: 7802, Time: 00:49:14

Health: -1/56      AC:  7    Str:  9    XL:     7   Next: 11%
Magic:  15/22      EV: 12    Int: 20    God:
Gold:   251        SH:  0    Dex: 10    Spells: 1/14 levels left

rFire    . . .     SeeInvis .     - Unarmed
rCold    . . .     Gourm    .   (no shield)
rNeg     . . .     Faith    .   (armour unavailable)
rPois    .         Spirit   .   a - +0 hat
rElec    .         Reflect  .   (no cloak)
rCorr    .         Harm     .   (no gloves)
MR       .....                  p - +0 pair of boots
Stlth    ++........             (no amulet)
HPRegen  0.18/turn              q - ring of magical power
MPRegen  0.18/turn              (no ring)

@: no status effects
A: breathe steam, unfitting armour, cold-blooded, AC +6
a: Breathe Steam


You were on level 5 of the Dungeon.
You were not hungry.

You visited 1 branch of the dungeon, and saw 5 of its levels.
You also visited: Sewer.

You collected 251 gold pieces.

Inventory:

Missiles
 f - 121 stones (quivered)
Armour
 a - a +0 hat (worn)
 p - a +0 pair of boots (worn)
Jewellery
 q - a ring of magical power (left hand)
Wands
 s - a wand of iceblast (8)
Scrolls
 b - 6 scrolls of teleportation {unknown}
 e - 4 scrolls of identify {unknown}
 g - 2 scrolls of amnesia {unknown}
 j - a scroll of remove curse {unknown}
 k - 4 scrolls of magic mapping {unknown}
 r - a scroll of immolation {unknown}
Potions
 d - 3 potions of curing
 h - a potion of resistance
 i - 3 potions of heal wounds {unknown}
 l - a potion of invisibility {unknown}
 m - a potion of might {unknown}
 n - a potion of degeneration {unknown}
 o - a potion of lignification {unknown}
 t - 2 potions of flight
Comestibles
 c - 3 rations


   Skills:
 * Level 2.5 Fighting
 * Level 2.3 Dodging
 + Level 2.3 Stealth
 + Level 1.9 Unarmed Combat
 + Level 4.0 Spellcasting
 * Level 2.6 Conjurations
 * Level 2.0 Hexes
 * Level 2.7 Summonings
 * Level 2.0 Translocations
 * Level 1.7 Air Magic
 * Level 1.0 Poison Magic


You had one spell level left.
You knew the following spells:

 Your Spells              Type           Power        Failure   Level  Hunger
a - Magic Dart            Conj           ##..         4%          1    None
b - Blink                 Tloc           N/A          9%          2    #......
c - Call Imp              Summ           ###.....     6%          2    #......
d - Slow                  Hex            ##......     9%          2    #......
e - Mephitic Cloud        Conj/Pois/Air  ##......     19%         3    ###....
f - Conjure Flame         Conj/Fire      #.......     22%         3    ###....

Your spell library contained the following spells:

 Spells                   Type           Power        Failure   Level  Hunger


Dungeon Overview and Level Annotations

Branches:
Dungeon (5/15)              Sewer (visited)
 Temple: D:4-7

Altars:
Makhleb


Innate Abilities, Weirdness & Mutations

You can breathe blasts of scalding, opaque steam.
Your pale cyan-grey scales are hard. (AC +6)
You cannot fit into any form of body armour.
You are cold-blooded and may be slowed by cold attacks.


Message History

Your crimson imp closely misses the electric eel.
The electric eel shoots out a bolt of lightning at you!
The bolt of electricity hits the plant!
The bolt of electricity hits you!
The electric eel shoots out a bolt of lightning at you!
The bolt of electricity hits the electric eel.
The electric eel completely resists.
The bolt of electricity hits your crimson imp!
Your crimson imp dies!
The bolt of electricity hits you!
The electric eel shoots out a bolt of lightning at you!
The bolt of electricity hits the plant.
The bolt of electricity hits you.
* * * LOW HITPOINT WARNING * * *
The electric eel shoots out a bolt of lightning at you!
The bolt of electricity hits the plant!
The bolt of electricity hits you.
* * * LOW HITPOINT WARNING * * *
The bolt of electricity hits you.
* * * LOW HITPOINT WARNING * * *
The electric eel shoots out a bolt of lightning at you!
The bolt of electricity hits the plant!
The bolt of electricity hits you.
You die...

## #.############## #....##....
.# #.#..Y5.5......## #....#.....
.# ##...##########..###.......8..
.###..Y##≈≈≈≈....##..####..5#....
.#....##.########.##5#......###..
...##.#.##≈≈%...##≈#.#......# ###
.#.##.#.#≈≈?PP...#≈#.#......#
.#.##.#.#≈.;P....#≈#.#......#####
##....#≈#≈;.;P..@#.#..)[.........
##..###≈##≈.?P..#5.###...########
##..##≈##########≈## #...#
##..#≈##≈≈).. ≈≈# #...########
.#..#.#;≈$P.. #≈## ####.)......
#...#.#;.≈... #. #.#######
##..#.#≈;/P≈. #. #.#######
.#..#'##≈.[≈. .. #.#......
.#.....########.# #.#......


You could see 3 electric eels and a friendly white imp.

Vanquished Creatures
  A hound (D:5)
  An orc wizard (D:4)
  A worker ant (D:3)
  A hound skeleton (D:4)
  An adder (D:3)
  3 oozes
  2 worms (Sewer)
  2 dart slugs (D:1)
  2 leopard geckos
  6 orcs
  6 giant cockroaches
  5 goblins
  6 hobgoblins
  7 jackals
  9 kobolds
  A ball python (D:3)
  11 bats
  A giant cockroach zombie (D:5)
  2 rats (D:1)
68 creatures vanquished.

Vanquished Creatures (collateral kills)
  An ice beast (D:5)
  A phantom (D:5)
  A killer bee (D:5)
  A howler monkey (D:5)
  An orc priest (D:5)
  2 jellies (D:5)
  An orc wizard (D:4)
  A bullfrog skeleton (D:5)
  An iguana (D:4)
  2 worker ants (D:4)
  A hound skeleton (D:5)
  3 gnolls (D:4)
  3 adders
  4 oozes (Sewer)
  3 worms
  A dart slug (D:3)
  5 leopard geckos
  11 orcs
  3 ball pythons (Sewer)
  5 bats
  6 giant cockroaches
  2 hobgoblins (D:3)
  7 jackals
  4 kobolds
  2 quokkas (D:3)
  A frilled lizard (Sewer)
  A goblin (D:3)
  3 rats (D:3)
77 creatures vanquished.

Grand Total: 145 creatures vanquished

Notes
Turn   | Place    | Note
-------+----------+-------------------------------------------
     0 | D:1      | Error4North the Draconian Wizard began the quest for the
                  | Orb.
     0 | D:1      | Reached XP level 1. HP: 14/14 MP: 4/4
   194 | D:1      | Reached skill level 1 in Unarmed Combat
   194 | D:1      | Reached XP level 2. HP: 7/22 MP: 1/6
   207 | D:1      | Learned a level 2 spell: Blink
   210 | D:1      | Learned a level 2 spell: Call Imp
   213 | D:1      | Learned a level 2 spell: Slow
   565 | D:1      | Reached skill level 1 in Fighting
   853 | D:1      | Reached XP level 3. HP: 25/28 MP: 7/7
  2476 | D:3      | Reached XP level 4. HP: 20/35 MP: 3/9
  2593 | D:3      | Found a glowing drain.
  2597 | Sewer    | Entered a sewer
  4065 | D:3      | Reached XP level 5. HP: 30/41 MP: 6/10
  4220 | D:3      | You fall into a shaft and drop 2 floors!
  4220 | D:5      | Entered Level 5 of the Dungeon
  4319 | D:5      | Learned a level 3 spell: Mephitic Cloud
  5609 | D:4      | Reached skill level 1 in Air Magic
  5609 | D:4      | Reached XP level 6. HP: 23/48 MP: 1/11
  6416 | D:5      | Reached skill level 1 in Hexes
  6645 | D:5      | Noticed an ice beast
  6948 | D:5      | Reached skill level 4 in Spellcasting
  7175 | D:5      | Found a burning altar of Makhleb.
  7378 | D:5      | Killed an ice beast
  7378 | D:5      | Your scales start taking on a pale cyan-grey colour.
  7378 | D:5      | Reached XP level 7. HP: 34/56 MP: 2/13
  7383 | D:5      | Learned a level 3 spell: Conjure Flame
  7481 | D:5      | Reached skill level 1 in Poison Magic
  7802 | D:5      | Killed from afar by an electric eel

Levels and vault maps discovered:
D:1:      minmay_arrival_diagonal_passages, layout_loops_corners
D:2:      layout_basic
D:3:      layout_basic, gup_sewer_entry_spiral, minmay_distorted
D:4:      layout_layer_cave, first_ration, chequers_serial_rivers_small_a
D:5:      cheibrodos_two_vegetables, layout_basic, basic_altar,
          minmay_misc_feat_room, amethyst_killhole, hex_large, st_stairs_1,
          kennysheep_opposing_triangles

Skill      XL: |  1  2  3  4  5  6  7 |
---------------+----------------------+-----
Unarmed Combat | 1 |  1.9
Fighting       | 1 2 |  2.5
Dodging        | 2 |  2.3
Stealth        | 2 |  2.3
Summonings     | 2 |  2.7
Air Magic      | 1 |  1.7
Hexes          | 1 2 |  2.0
Conjurations   | 2 |  2.6
Spellcasting   | 4 |  4.0
Translocations | 2 |  2.0
Poison Magic   | 1 |  1.0

Action                   |  1- 3 |  4- 6 |  7- 9 || total
-------------------------+-------+-------+-------++-------
Melee: Unarmed           |   182 |   245 |     5 ||   432
       Tailslap          |     9 |    20 |       ||    29
 Cast: Magic Dart        |    47 |    44 |     2 ||    93
       Call Imp          |    26 |   100 |     8 ||   134
       Slow              |     1 |     3 |       ||     4
       Mephitic Cloud    |       |     6 |       ||     6
  Use: Potion            |       |     5 |       ||     5
 Stab: Distracted        |       |     4 |       ||     4
       Confused          |       |     1 |       ||     1
  Eat: Chunk             |     6 |    12 |       ||    18
       Ration            |       |     2 |     1 ||     3
Armor: Skin              |    60 |   121 |     2 ||   183
Dodge: Dodged            |   145 |   184 |     7 ||   336

Table legend:
 A = Non-vault XP
 B = Vault XP
 C = Vault XP percentage of total XP
 D = Non-vault monster count
 E = Vault monster count
 F = Vault count percentage of total count
                 A         B        C        D         E       F
            +---------+---------+-------+---------+---------+-------
      Total |     453 |     360 |  44.3 |      99 |      46 |  31.7
            +---------+---------+-------+---------+---------+-------
        D:1 |      52 |       0 |   0.0 |      30 |       0 |   0.0
        D:2 |      29 |       0 |   0.0 |      13 |       0 |   0.0
        D:3 |      75 |      27 |  26.5 |      26 |      10 |  27.8
        D:4 |     169 |       0 |   0.0 |      15 |       0 |   0.0
        D:5 |     128 |     275 |  68.2 |      15 |       9 |  37.5
      Sewer |       0 |      58 | 100.0 |       0 |      27 | 100.0
            +---------+---------+-------+---------+---------+-------
